 Dungeon Crawl Stone Soup version 0.31.0-11-ge490571c62 (webtiles) character file.

Game seed: 13968287381984491339

6806 Rassilon the Martial Artist (level 10, -4/79 HPs)
             Began as a Demonspawn Monk on Jan 31, 2024.
             Was an Elder of Wu Jian.
             Slain by an orc warlord
             ... wielding a +5 battleaxe
              (24 damage)
             ... in a bailey.
             The game lasted 00:59:57 (7357 turns).

Rassilon the Martial Artist (Demonspawn Monk)       Turns: 7357, Time: 00:59:58

Health: -4/79      AC: 16    Str: 22    XL:     10   Next: 77%
Magic:  16/18      EV: 21    Int: 11    God:    Wu Jian [****..]
Gold:   488        SH:  0    Dex: 20    Spells: 7/20 levels left

rFire   . .          .
                       - Unarmed
rCold   . . .        (no shield)
rNeg    . . .        C - +1 acid dragon scales
rPois   .            j - +0 helmet
rElec   .            (no cloak)
rCorr   +            u - +1 pair of gloves
SInv    .            t - +2 pair of boots of the Blessed Realm {Str+5}
Will    .....        q - amulet of regeneration
Stlth   +            D - ring of the Mage {Wiz Archmagi}
HPRegen 1.13/turn    F - +6 ring of strength
MPRegen 0.16/turn

%: wizardry (x1), archmagi
@: agile, on blink cooldown
A: thin metallic scales 2, powered by pain 1
a: Renounce Religion, Wall Jump, Serpent's Lash


You were in a bailey.
You worshipped Wu Jian.
Wu Jian was greatly pleased with you.
You visited 2 branches of the dungeon, and saw 9 of its levels.
You also visited: Bailey.

You collected 508 gold pieces.
You spent 20 gold pieces at shops.

Inventory:

Hand Weapons
 E - the +3 war axe of Fes Ser {pain, rC+ Int+2}
   (You found it on level 7 of the Dungeon)

   Int+2:     It affects your intelligence (+2).
   rC+:       It protects you from cold.
Missiles
 n - a curare-tipped dart
 w - 6 javelins (quivered)
Armour
 j - a +0 helmet (worn)
 t - the +2 pair of boots of the Blessed Realm (worn) {Str+5}
   (You found it on level 3 of the Dungeon)

   Str+5:     It affects your strength (+5).
 u - a +1 pair of gloves (worn)
 C - +1 acid dragon scales (worn)
Jewellery
 a - a +4 ring of protection
 q - an amulet of regeneration (around neck)
 v - a ring of willpower
 D - the ring of the Mage (left hand) {Wiz Archmagi}
   (You found it on level 7 of the Dungeon)

   [ring of wizardry]

   Wiz:       It improves your spell success rate.
   Archmagi:  It increases the power of your magical spells.
 F - a +6 ring of strength (right hand)
Wands
 c - a wand of charming (6)
 f - a wand of digging (10)
 y - a wand of flame (8)
Scrolls
 e - 3 scrolls of enchant weapon
 l - a scroll of butterflies
 m - a scroll of poison
 o - 3 scrolls of teleportation
 p - 3 scrolls of fear
 A - a scroll of vulnerability
Potions
 b - 2 potions of ambrosia
 d - 3 potions of brilliance
 g - a potion of magic {unknown}
 h - 3 potions of lignification
 i - a potion of mutation
 k - 3 potions of cancellation
 r - 3 potions of curing
 s - 2 potions of attraction
 B - 2 potions of might
Miscellaneous
 x - a lightning rod (3/4)


   Skills:
 + Level 7.6 Fighting
 + Level 7.0 Dodging
 * Level 9.6 Unarmed Combat
 + Level 5.8 Spellcasting
 + Level 1.3 Hexes
 - Level 4.0 Necromancy
 - Level 4.0 Evocations


You had 7 spell levels left.
You knew the following spells:

 Your Spells              Type           Power      Damage    Failure   Level
a - Blink                 Tloc           8%         N/A       16%         2
b - Fugue of the Fallen   Necr           18%        N/A       6%          3
c - Jinxbite              Hex            18%        N/A       9%          2
d - Ensorcelled Hibernat  Hex/Ice        14%        N/A       12%         2
e - Cause Fear            Hex            4%         N/A       45%         4

Your spell library contained the following spells:

 Spells                   Type           Power      Damage    Failure   Level
 Cigotuvi's Dreadful Rot  Necr/Alch/Air  18%        N/A       9%          2
 Apportation              Tloc           8%         N/A       11%         1
 Freeze                   Ice            16%        1d4       11%         1
 Shock                    Conj/Air       16%        1d4       11%         1
 Lesser Beckoning         Tloc           8%         N/A       16%         2
 Momentum Strike          Conj/Tloc      8%         3d8       16%         2
 Animate Dead             Necr           18%        N/A       19%         4
 Frozen Ramparts          Ice            8%         1d2       28%         3
 Hailstorm                Conj/Ice       4%         3d5       28%         3
 Swiftness                Air            4%         N/A       28%         3
 Anguish                  Hex/Necr       6%         N/A       32%         4
 Airstrike                Air            2%         2d(1-17)  65%         4
 Ignite Poison            Fire/Alch      4%         N/A       65%         4
 Alistair's Intoxication  Alch           2%         N/A       93%         5
 Fireball                 Conj/Fire      2%         3d4       93%         5
 Freezing Cloud           Conj/Ice/Air   2%         6-21      93%         5
 Haunt                    Necr/Summ      5%         N/A       100%        7
 Infestation              Necr           9%         N/A       100%        8
 Dragon's Call            Summ           2%         N/A       100%        9


Dungeon Overview and Level Annotations

Branches:
Dungeon (8/15)             Temple (1/1) D:5          Bailey (1/1)
   Lair: D:8-11

Altars:
Ashenzari
Dithmenos
Fedhas
Gozag
Hepliaklqana
Kikubaaqudgha
Makhleb
Nemelex Xobeh
Okawaru
Qazlal
Ru
Sif Muna
Trog
Uskayaw
Vehumet
Wu Jian
Xom
Yredelemnul

Shops:
D:1 ?   D:7 *

Annotations:
D:7 2 runed translucent doors


Innate Abilities, Weirdness & Mutations

You are mostly covered in thin metallic scales. (AC +3)
You sometimes gain a little power by taking damage.


Message History

You spin and attack the orc warlord.
You barely miss the orc warlord.
The orc warlord is lightly wounded.
A giggling sprite leaps out and insults the orc warlord's ancestors.
The orc warlord is lightly wounded.
The jinxing sprites lose interest in you.
The orc warlord closely misses you.
You spin and attack the orc warlord.
You hit the orc warlord but do no damage.
The orc warlord is lightly wounded.
The orc warlord hits you with a +5 battleaxe!!
There is a gate leading back out of this place, spattered with blood here.
The orc warlord seems less drained.
The orc attacks as it pursues you! The orc misses you.
You spin and attack the orc.
You punch the orc!
You kill the orc!
The Council accepts your kill.
You spin and attack the orc warlord repeatedly.
You closely miss the orc warlord.
The orc warlord is lightly wounded.
You hit the orc warlord.
The orc warlord is lightly wounded.
The orc warlord hits you with a +5 battleaxe!!
* * * LOW HITPOINT WARNING * * *
Casting: Jinxbite (safe; 9% risk of failure)
Confirm with . or Enter, or press ? or * to list all spells.
You feel a surge of power!
You blink.
x - a lightning rod (4/4)
Aiming: Thunderbolt
Press: ? - help, Shift-Dir - straight line, f/p - orc warlord
Aim: an orc warlord, wielding a +5 battleaxe and wearing a +0 chain mail (lightly wounded)
The thunderbolt hits the orc warlord!!
The orc warlord is moderately wounded.
There is nothing to wall jump against here.
You enter the shallow water.
Moving in this stuff is going to be slow.
Aiming: Wall Jump
Press: ? - help, Dir - move target, p - orc warlord You feel your willpower return.
The orc warlord hits you with a +5 battleaxe!!
You die...

#..............(...(......#
#..8..8.........(.(.8..8..#
#..................)......#
##......####...####......##
♣##....##~~#####~~##....##♣
♣.##...#~)!8...8?.~#...##.♣
♣..###)#~.........~#'###..♣♣
...~~~.#~..8..)8o○~#(~~~...♣
...~~~.##......○@○##.~~~...♣♣
...~~~.#~....∩.○○○~#.~~~...∩♣
...~~~.#~.........~#)~~~...♣♣
...~~~.#~~.8...8.~~#.~~~...♣
♣..###'###.......###'###..♣♣
♣.##....#~.8...8.~#....##.♣
♣##.....#~~~~~~~~~#.....##♣
##......####~~~####.))...##
#...8......#'''#....).8...#


You could see an orc warlord.

Vanquished Creatures
  Pikel (D:5)
  A cyclops (D:7)
  An orc knight (Bailey)
  A gargoyle (D:7)
  Maggie (D:7)
  A shadow (D:7)
  A wyvern (D:6)
  2 steam dragons
  An acid dragon (D:8)
  3 water moccasins
  6 orc warriors
  2 ice beasts
  3 sky beasts (D:7)
  3 black bears
  3 phantoms
  3 kobold brigands
  7 bullfrogs
  3 scorpions
  13 wights
  A killer bee (D:7)
  2 hounds
  6 jellies
  A bombardier beetle (D:6)
  A gnoll bouda (D:7)
  4 iguanas
  A sleepcap (D:5)
  Jessica (D:2)
  2 orc wizards
  Ijyb (D:5)
  Robin (D:2)
  11 adders
  11 gnolls
  A shadow imp (D:7)
  3 white imps (D:7)
  6 ufetubi (D:6)
  5 dart slugs
  2 ribbon worms
  15 orcs
  8 endoplasms
  5 giant cockroaches
  15 goblins
  12 hobgoblins
  10 jackals
  3 quokkas
  6 ball pythons
  5 bats
  2 frilled lizards
  23 kobolds
  3 rats
223 creatures vanquished.

Vanquished Creatures (collateral kills)
  An ogre (D:7)
1 creature vanquished.

Vanquished Creatures (others)
  An orc (D:8)
  A kobold (D:8)
2 creatures vanquished.

Grand Total: 226 creatures vanquished

Notes
Turn   | Place    | Note
-------+----------+-------------------------------------------
     0 | D:1      | Rassilon the Demonspawn Monk began the quest for the Orb.
     0 | D:1      | Reached XP level 1. HP: 18/18 MP: 1/1
    92 | D:1      | Gained mutation: You are partially covered in thin metallic
                  | scales. (AC +2) [demonic ancestry]
    92 | D:1      | Reached XP level 2. HP: 24/24 MP: 2/2
   134 | D:1      | Reached skill level 3 in Unarmed Combat
   333 | D:1      | Found Yxeshra's Magic Scroll Emporium.
   365 | D:1      | Bought a scroll of identify for 20 gold pieces
   693 | D:1      | Reached XP level 3. HP: 27/29 MP: 3/3
   792 | D:2      | Noticed Robin
   825 | D:2      | Killed Robin
   970 | D:2      | Reached XP level 4. HP: 33/35 MP: 4/4
  1104 | D:2      | Noticed Jessica
  1107 | D:2      | Killed Jessica
  1332 | D:2      | Reached skill level 4 in Unarmed Combat
  1511 | D:3      | Reached XP level 5. HP: 42/42 MP: 6/6
  1627 | D:3      | Found a burning altar of Makhleb.
  1645 | D:3      | Reached skill level 1 in Spellcasting
  1803 | D:3      | Found a hazy altar of Hepliaklqana.
  1851 | D:3      | Learned a level 2 spell: Blink
  1855 | D:3      | Learned a level 3 spell: Fugue of the Fallen
  1874 | D:3      | Identified the +2 pair of boots of the Blessed Realm
                  | {Str+5}
  2040 | D:3      | Found a hide-covered altar of Uskayaw.
  2267 | D:4      | Reached XP level 6. HP: 34/48 MP: 8/8
  2319 | D:4      | Found an opulent altar of Gozag.
  2446 | D:4      | Reached skill level 5 in Unarmed Combat
  2529 | D:4      | Learned a level 2 spell: Jinxbite
  2926 | D:5      | Entered Level 5 of the Dungeon
  3034 | D:5      | Found a sparkling altar of Nemelex Xobeh.
  3056 | D:5      | Gained mutation: You sometimes gain a little power by
                  | taking damage. [demonic ancestry]
  3056 | D:5      | Reached XP level 7. HP: 55/55 MP: 10/10
  3093 | D:5      | Noticed Pikel
  3118 | D:5      | Killed Pikel
  3119 | D:5      | Reached skill level 5 in Fighting
  3160 | D:5      | Found a staircase to the Ecumenical Temple.
  3170 | Temple   | Entered the Ecumenical Temple
  3179 | Temple   | Became a worshipper of the Wu Jian Council
  3179 | Temple   | Reached * piety under Wu Jian
  3179 | Temple   | Reached ** piety under Wu Jian
  3393 | D:5      | Gained mutation: You are mostly covered in thin metallic
                  | scales. (AC +3) [demonic ancestry]
  3393 | D:5      | Reached XP level 8. HP: 62/62 MP: 12/12
  3394 | D:5      | Reached skill level 6 in Unarmed Combat
  3618 | D:5      | Noticed Ijyb
  3631 | D:5      | Killed Ijyb
  4199 | D:6      | Reached skill level 5 in Dodging
  4208 | D:6      | Learned a level 2 spell: Ensorcelled Hibernation
  4332 | D:6      | Reached skill level 7 in Unarmed Combat
  4342 | D:6      | Learned a level 4 spell: Cause Fear
  4891 | D:6      | Reached XP level 9. HP: 61/69 MP: 14/14
  5318 | D:7      | Found Werovo's General Store.
  5333 | D:7      | Noticed Maggie
  5355 | D:7      | Killed Maggie
  5356 | D:7      | Reached skill level 1 in Evocations
  5476 | D:7      | Reached *** piety under Wu Jian
  5651 | D:7      | Reached skill level 8 in Unarmed Combat
  5822 | D:7      | Found a large runed translucent door.
  5824 | D:7      | Found a large runed translucent door.
  5828 | D:7      | Noticed a cyclops
  5846 | D:7      | Found a large runed translucent door.
  5846 | D:7      | Found a large runed translucent door.
  5874 | D:7      | Noticed a gargoyle
  5874 | D:7      | Found the ring of the Mage {Wiz Archmagi}
  5886 | D:7      | Killed a gargoyle
  5887 | D:7      | Reached skill level 5 in Spellcasting
  5887 | D:7      | Reached XP level 10. HP: 77/77 MP: 17/17
  6665 | D:7      | Reached skill level 9 in Unarmed Combat
  6735 | D:7      | Killed a cyclops
  6739 | D:7      | Identified the +3 war axe of Fes Ser {pain, rC+ Int+2}
  6893 | D:8      | Reached **** piety under Wu Jian
  6969 | D:8      | Found a shadowy altar of Dithmenos.
  7073 | D:8      | Found a flagged portal.
  7085 | Bailey   | Entered a bailey
  7090 | Bailey   | Noticed an orc warlord
  7149 | Bailey   | Noticed an orc knight
  7150 | Bailey   | Found a runed translucent gate.
  7150 | Bailey   | Found a runed translucent gate.
  7186 | Bailey   | Killed an orc knight
  7187 | Bailey   | Reached skill level 1 in Hexes
  7261 | Bailey   | Found a runed translucent gate.
  7357 | Bailey   | Slain by an orc warlord

Illustrated notes

Levels and vault maps discovered:
D:1:      dpeg_arrival_simpleton_c, layout_basic, serial_shops,
          nicolae_lakefront_shop
D:2:      layout_basic, uniq_robin, uniq_jessica
D:3:      layout_rooms, mainiacjoe_overflow_cross_hatched,
          mainiacjoe_overflow_24_doors, lemuel_tele_altar
D:4:      nicolae_cairo_tiling_very_big, layout_basic, mainiacjoe_overflow_paths
D:5:      layout_basic, nemelex_xobeh_ov_fountains_minmay,
          minmay_temple_entry_mini_moons, minmay_crossroads, uniq_pikel,
          uniq_ijyb
D:6:      layout_basic
D:7:      minmay_s_stair_smasher, layout_basic, serial_shops, shop,
          minmay_hollow_rounded_squares, uniq_maggie
D:8:      layout_cave_pools, mainiacjoe_overflow_alcove_2,
          grunt_dithmenos_smoke_and_mirrors, lightli_bailey_entry_fortress,
          chequers_decorated_corner, serial_bayou_pond_d
Temple:   eino_temple_lava
Bailey:   bailey_axe_bossmonster_kennysheep, bailey

Skill      XL: |  1  2  3  4  5  6  7  8  9 10 |
---------------+-------------------------------+-----
Unarmed Combat | 3 4 5 7 8 9 |  9.6
Dodging        | 3 4 5 6 7 |  7.0
Spellcasting   | 1 2 3 5 |  5.8
Fighting       | 4 5 6 7 |  7.6
Necromancy     | 2 3 4 |  4.0
Evocations     | 2 4 |  4.0
Hexes          | 1 |  1.3

Action                     |  1- 3 |  4- 6 |  7- 9 | 10-12 || total
---------------------------+-------+-------+-------+-------++-------
  Melee: Unarmed           |   107 |   199 |       |     5 ||   311
         Whip              |       |    42 |   372 |       ||   414
         Punch             |       |       |    23 |    21 ||    44
         War axe           |       |       |    30 |   258 ||   288
  Throw: Dart              |       |       |       |     1 ||     1
   Cast: Fugue of the Fall |       |       |     3 |       ||     3
         Jinxbite          |       |       |     2 |     1 ||     3
         Blink             |       |       |       |     1 ||     1
Ability: Whirlwind         |       |       |    41 |    77 ||   118
         Lunge             |       |       |    18 |     9 ||    27
         Wall Jump         |       |       |    15 |    16 ||    31
  Evoke: Wand              |       |       |     2 |     5 ||     7
         Lightning rod     |       |       |       |     1 ||     1
    Use: Scroll            |       |     7 |     7 |     8 ||    22
         Potion            |       |     1 |     1 |     3 ||     5
   Stab: Sleeping          |       |       |     5 |     2 ||     7
         Betrayed ally     |       |       |     1 |       ||     1
         Invisible         |       |       |       |     1 ||     1
 Armour: Robe              |    36 |    94 |    36 |       ||   166
         Leather armour    |       |       |   107 |       ||   107
         Steam dragon scal |       |       |    51 |   112 ||   163
         Acid dragon scale |       |       |       |    41 ||    41
  Dodge: Dodged            |    60 |   186 |   518 |   252 ||  1016
